 Dungeon Crawl Stone Soup version 0.31-a0-182-gc5ef74bbde (webtiles) character file.

Game seed: 18441329203022708896

250478 qw the Warrior (level 20, -4/139 HPs)
             Began as a Gargoyle Fighter on June 20, 2023.
             Was a High Priest of Okawaru.
             Killed by divine providence
             ... invoked by a daeva
              (16 damage)
             ... on level 2 of the Abyss.
             The game lasted 00:21:18 (36235 turns).

qw the Warrior (Gargoyle Fighter)                  Turns: 36235, Time: 00:21:18

Health: -4/139     AC: 54    Str: 44    XL:     20   Next: 7%
Magic:  27/27      EV: 13    Int:  6    God:    Okawaru [*****.]
Gold:   16         SH: 15    Dex:  9    Spells: 19/19 levels left

rFire   . . .        e - +8 broad axe of the King {drain, rC++ Str+3 Int-5}
rCold   + + .        E - +0 kite shield
rNeg    + . .        p - +4 chain mail of the Postmodern Violins {Str+4}
rPois   inf          w - +2 helmet
rElec   +            B - +2 cloak {rPois}
rCorr   .            A - +2 pair of gloves
SInv    .            n - +2 pair of boots "Zimalij" {Str+4}
Will    +....        G - amulet of faith Stlth
                     i - +4 ring of protection
HPRegen 0.43/turn    f - +6 ring of strength
MPRegen 0.20/turn

%: faith
@: about to teleport, heroic, flying, slowed, glowing, very slow
A: sickness immunity, AC +15, big wings, negative energy resistance 1,
electricity resistance, torment resistance 1, petrification resistance
}: 1/15 runes: gossamer
a: Renounce Religion, Heroism, Finesse, Duel


You were on level 2 of the Abyss.
You worshipped Okawaru.
Okawaru was extremely pleased with you.
You visited 7 branches of the dungeon, and saw 33 of its levels.
You visited the Abyss 1 time.

You collected 4467 gold pieces.
You spent 4451 gold pieces at shops.


Innate Abilities, Weirdness & Mutations

You are immune to sickness and miasma.
Your stone body is resilient. (AC +15)
You are immune to poison.
Your large and strong wings let you fly.
You resist negative energy. (rN+)
You are resistant to electric shocks. (rElec)
You are resistant to unholy torment.
You are immune to petrification.


   Skills:
 - Level 19.0(24.0) Fighting
 - Level 18.0(23.0) Axes
 - Level 9.0(14.0) Throwing
 + Level 15.7(20.7) Armour
 - Level 6.0(11.0) Dodging
 - Level 16.8(21.8) Shields
 - Level 10.0 Invocations


You had 19 spell levels left.
You didn't know any spells.
Your spell library was empty.

Inventory:

Hand Weapons
 e - the +8 broad axe of the King (weapon) {drain, rC++ Str+3 Int-5}
   (You acquired it on level 1 of the Lair of Beasts)

   Str:       It affects your strength (+3).
   Int:       It affects your intelligence (-5).
   rC:        It greatly protects you from cold.
 C - a +0 broad axe
Missiles
 c - 20 boomerangs
 z - 5 javelins (quivered)
 K - 2 silver boomerangs
Armour
 b - a scarf of resistance
 n - the +2 pair of boots "Zimalij" (worn) {Str+4}
   (Okawaru gifted it to you on level 1 of the Lair of Beasts)

   Str:       It affects your strength (+4).
 p - the +4 chain mail of the Postmodern Violins (worn) {Str+4}
   (You found it on level 5 of the Dungeon)

   Str:       It affects your strength (+4).
 w - a +2 helmet (worn)
 A - a +2 pair of gloves (worn)
 B - a +2 cloak of poison resistance (worn)
 E - a +0 kite shield (worn)
 L - a +2 chain mail of fire resistance
 P - a +2 pair of boots
Jewellery
 f - a +6 ring of strength (right hand)
 i - a +4 ring of protection (left hand)
 k - an amulet of reflection
 s - a ring of protection from cold
 x - a ring of protection from cold
 F - a ring of resist corrosion
 G - an amulet of faith (around neck)
 H - the ring of Viegiuwn {rF- rN++ rCorr Dex+3 SInv}
   (You bought it in a shop on level 2 of the Orcish Mines)

   [ring of see invisible]

   Dex:       It affects your dexterity (+3).
   rF:        It makes you vulnerable to fire.
   rN:        It greatly protects you from negative energy.
   SInv:      It lets you see invisible.
   rCorr:     It protects you from acid and corrosion.
 I - a ring of fire
 J - a ring of resist corrosion
 N - a ring of fire
Wands
 m - a wand of digging (8)
Scrolls
 a - 7 scrolls of identify
 j - 8 scrolls of teleportation
 y - 7 scrolls of enchant weapon
 D - 4 scrolls of enchant armour
 M - a scroll of brand weapon
Potions
 d - 4 potions of might
 g - 5 potions of lignification
 h - 6 potions of haste
 l - 9 potions of curing
 o - 8 potions of enlightenment
 q - 3 potions of magic
 r - 3 potions of mutation
 t - 4 potions of cancellation
 v - 3 potions of attraction
 O - a potion of resistance

Dungeon Overview and Level Annotations

Branches:
Dungeon (15/15)            Temple (1/1) D:4            Lair (5/5) D:10
 Shoals (3/4) Lair:3       Spider (4/4) Lair:3        Slime (0/5) Lair:5
    Orc (2/2) D:9             Elf (0/3) Orc:2        Vaults (3/5) D:13
  Crypt (0/3) Vaults:2     Depths (0/4) D:15

Altars:
Ashenzari
Cheibriados
Dithmenos
Elyvilon
Fedhas
Gozag
Hepliaklqana
Kikubaaqudgha
Makhleb
Nemelex Xobeh
Okawaru
Qazlal
Ru
Sif Muna
Trog
Uskayaw
Vehumet
Wu Jian
Xom
Yredelemnul
Zin
The Shining One
Lugonu

Shops:
D:10 (   D:13 (   Orc:1 =   Orc:2 ==[*(   Vaults:1 *[   Vaults:2 *   Vaults:3 [

Portals:
Abyss: Lair:5

Annotations:
D:12 3 runed translucent doors, BraveToast's ghost, journeyman FoFi
Lair:5 exclusions: boulder beetle, 4 electric eels and wolf


Message History

The daeva hits you but does no damage. You block the daeva's attack.
You hit the daeva.
The daeva is lightly wounded.
The daeva calls down the wrath of the Shining One upon you.
The Shining One smites you!
36228 ||| DRINKING 3 potions of heal wounds.
You feel much better.
The daeva calls down the wrath of the Shining One upon you.
The Shining One smites you!
The daeva hits you with a +2 scimitar of holy wrath!!
The daeva hits you but does no damage.
36229 ||| DRINKING 2 potions of heal wounds.
You feel much better.
The daeva hits you but does no damage. x2
You slash the daeva!
The daeva is lightly wounded.
You block the daeva's attack.
The daeva hits you with a +2 scimitar of holy wrath!
36231 ||| DRINKING potion of heal wounds.
You feel much better. The daeva hits you but does no damage.
The daeva hits you with a +2 scimitar of holy wrath.
The daeva hits you with a +2 scimitar of holy wrath!
The daeva hits you but does no damage. The daeva blocks your attack.
The daeva is lightly wounded.
The daeva calls down the wrath of the Shining One upon you.
The Shining One smites you!
You carve the daeva like a ham!!!
The daeva is heavily wounded.
The daeva hits you with a +2 scimitar of holy wrath. x2
You completely miss the daeva.
The daeva is heavily wounded.
The daeva hits you with a +2 scimitar of holy wrath!
The daeva hits you but does no damage.
You slice the daeva!!
The daeva is severely wounded.
The daeva calls down the wrath of the Shining One upon you.
The Shining One smites you!
You die...

.. #.# .. . . ##
.(##...... .. .
##.#. ...... ..
#..#.. '....... ..
..#........... . ..
.....# .. ..
...........##(# ..
. . .
...)....A##.#...
............@#....#
. #...####........#
x #. . #...#.(..#
.. #........# # ...
#...# ..## # .
#...#...# # ##...
.... #... .#.. ....
# .


You could see a daeva.

Vanquished Creatures
  A dread lich (Abyss:2)
  A lich (Abyss:2)
  Mlioglotl (Spider:1)
  A kraken (Shoals:3)
  2 sphinxes (Vaults:3)
  2 tentacled starspawn (Abyss:2)
  Roxanne (Shoals:2)
  8 emperor scorpions (Spider:4)
  2 orc warlords (Orc:2)
  7 vault wardens
  10 ironbound preservers
  A broodmother (Spider:3)
  2 ghost moths (Spider:4)
  A war gargoyle (Vaults:3)
  5 ironbound thunderhulks
  2 formless jellyfish
  A stone giant (Vaults:1)
  A deep elf demonologist (Vaults:1)
  4 spark wasps
  2 merfolk impalers (Shoals:1)
  2 merfolk javelineers (Shoals:3)
  2 great orbs of eyes (Vaults:3)
  An entropy weaver (shapeshifter) (D:13)
  4 crystal guardians
  7 entropy weavers
  9 yaktaur captains
  2 rakshasas (D:15)
  7 ironbound frosthearts
  3 peacekeepers
  7 hydras
  An ogre mage (D:14)
  11 centaur warriors
  8 boulder beetles
  3 merfolk avatars
  A radroach (Spider:4)
  A merfolk aquamancer (Shoals:3)
  10 two-headed ogres
  2 catoblepae (D:13)
  3 death yaks (Lair:3)
  2 jorogumos (Spider:4)
  5 orc high priests (Orc:2)
  2 thrashing horrors (Lair:5)
  Urug (D:11)
  8 demonic crawlers
  A sun demon (D:15)
  A wretched star (Abyss:2)
  6 skeletal warriors
  5 skysharks
  2 sixfirhies (D:15)
  A sea snake (Shoals:1)
  5 orb spiders
  2 glowing orange brains
  19 ironbound convokers
  4 pharaoh ants
  27 deep trolls
  5 orc knights
  4 wizards
  2 deep elf pyromancers (D:12)
  5 steelbarb worms
  A necromancer (D:13)
  34 ugly things
  Pikel (D:9)
  A lindwurm (Vaults:2)
  21 wolf spiders
  11 manticores
  3 fauns (Shoals:1)
  2 orc sorcerers (Orc:2)
  5 harpies (Shoals:3)
  7 cyclopes
  4 oklob plants
  A manticore (shapeshifter) (D:15)
  5 elephants (Lair:5)
  4 large abominations
  4 moths of wrath
  8 black mambas
  A guardian serpent (shapeshifter) (D:14)
  3 smoke demons
  2 merfolk sirens
  2 unseen horrors (D:12)
  9 vault sentinels
  Maggie (D:6)
  2 gargoyles (D:12)
  6 torpor snails
  9 cane toads
  A cane toad (shapeshifter) (Lair:5)
  4 starcursed masses (Abyss:2)
  An efreet (D:12)
  7 komodo dragons
  25 yaktaurs
  3 rime drakes
  3 tengu conjurers
  A red devil (D:15)
  A troll (shapeshifter) (D:15)
  12 merfolk
  4 ancient zymes
  9 meliai
  11 trolls
  3 hornets
  4 polar bears
  2 wind drakes (Shoals:3)
  2 hellwings (D:15)
  A tarantella (shapeshifter) (D:14)
  A blink frog (shapeshifter) (Lair:5)
  16 dream sheep
  20 tarantellas
  7 snapping turtles
  19 blink frogs
  23 jumping spiders
  27 slime creatures
  A spriggan (Lair:5)
  A culicivora (shapeshifter) (Lair:5)
  23 culicivoras
  6 wraiths (D:12)
  A shadow (D:12)
  3 ynoxinuls
  7 water elementals
  6 wyverns
  20 yaks
  11 basilisks
  A vampire (D:13)
  A hog (shapeshifter) (D:13)
  An unseen horror simulacrum (D:8)
  2 chaos spawn
  66 redbacks
  6 vampire mosquitoes
  Grum (D:9)
  2 steam dragons
  2 wargs (Orc:2)
  Menkaure (D:6)
  An acid dragon (D:11)
  14 water moccasins
  A sky beast (shapeshifter) (Lair:5)
  35 orc warriors
  2 ice beasts
  A black bear (D:5)
  13 ogres
  16 centaurs
  21 wolves
  4 kobold brigands
  A scorpion (D:7)
  11 bullfrogs
  3 gnoll sergeants
  12 wights
  5 killer bees (D:9)
  5 electric eels
  6 howler monkeys
  3 hounds
  11 orc priests
  A gnoll bouda (D:10)
  2 jellies
  Jessica (D:2)
  2 iguanas
  Natasha (twice) (D:2)
  22 orc wizards
  11 small abominations
  A killer bee simulacrum (D:8)
  6 adders
  14 gnolls
  A shadow imp (D:6)
  4 white imps
  A howler monkey simulacrum (D:8)
  A dart slug (D:5)
  67 orcs
  5 endoplasms
  4 giant cockroaches
  5 goblins
  9 hobgoblins
  2 jackals (D:5)
  3 quokkas
  A ball python (D:3)
  3 bats
  4 frilled lizards (D:2)
  24 kobolds
  3 rats
  4 starspawn tentacles (Abyss:2)
1130 creatures vanquished.

Vanquished Creatures (others)
  A centaur warrior (Vaults:3)
  A harpy (Shoals:3)
  A wizard (Vaults:3)
  An orc wizard (D:12)
  2 starspawn tentacles (Abyss:2)
  4 tentacles (Shoals:3)
10 creatures vanquished.

Grand Total: 1140 creatures vanquished

Notes
Turn   | Place    | Note
-------+----------+-------------------------------------------
     0 | D:1      | qw the Gargoyle Fighter began the quest for the Orb.
     0 | D:1      | Reached XP level 1. HP: 14/14 MP: 1/1
     0 | D:1      | 0 ||| qw: Version: 0.3-a-9-g12657ce
     0 | D:1      | 0 ||| qw: Game counter: 1369
     0 | D:1      | 0 ||| qw: Always use a shield: true
     0 | D:1      | 0 ||| qw: God list: Okawaru
     0 | D:1      | 0 ||| qw: Allow faded altars: false
     0 | D:1      | 0 ||| qw: Do Orc after D:15 true
     0 | D:1      | 0 ||| qw: Do second Lair branch before Depths: true
     0 | D:1      | 0 ||| qw: Lair rune preference: random
     0 | D:1      | 0 ||| qw: Plans: Normal, Zot:1-4, Slime:5, God:TSO, Crypt,
                  | Tomb, Abyss, Pan, Hells, Win
     0 | D:1      | 0 ||| PLANNING D:1-11
   108 | D:1      | 108 ||| Stepping ~*~*~tactically~*~*~ (stealth).
   117 | D:1      | Reached XP level 2. HP: 18/19 MP: 2/2
   281 | D:1      | Found a faded altar of an unknown god.
   486 | D:1      | 486 ||| UPGRADING to +2 ring mail of fire resistance.
   496 | D:1      | 496 ||| DROPPING +0 scale mail.
   497 | D:1      | 497 ||| UPGRADING to ring of positive energy.
   498 | D:1      | 498 ||| READING scroll labelled HUNIG KENEATS.
   498 | D:1      | Identified a scroll of acquirement
   498 | D:1      | 498 ||| ACQUIRING +0 war axe of flaming
   498 | D:1      | Acquired a +0 war axe of flaming
   500 | D:1      | 500 ||| SWAPPING to +0 war axe of flaming.
   501 | D:1      | 501 ||| DROPPING +0 club.
   502 | D:1      | 502 ||| DROPPING +0 war axe.
   503 | D:1      | 503 ||| READING 2 scrolls labelled MUEHUG CEHASU.
   504 | D:1      | 504 ||| READING scroll labelled RUCVEZ SOALOTS.
   505 | D:1      | 505 ||| READING 2 scrolls labelled QUTAKE VEJEMU.
   509 | D:1      | 509 ||| READING scroll labelled JURENKA PAPT.
   533 | D:2      | Reached skill level 3 in Axes
   538 | D:2      | Reached XP level 3. HP: 23/23 MP: 3/3
   749 | D:2      | 749 ||| Stepping ~*~*~tactically~*~*~ (hiding).
   751 | D:2      | 751 ||| Stepping ~*~*~tactically~*~*~ (hiding).
   753 | D:2      | 753 ||| Stepping ~*~*~tactically~*~*~ (hiding).
   949 | D:2      | Noticed Jessica
   954 | D:2      | Killed Jessica
   955 | D:2      | Reached XP level 4. HP: 28/28 MP: 4/4
   964 | D:2      | 964 ||| FLEEEEING.
   992 | D:2      | Identified the +0 pair of boots of Catatonia {Int+4}
  1015 | D:2      | Noticed Natasha
  1018 | D:2      | Killed Natasha
  1361 | D:2      | Reached XP level 5. HP: 32/32 MP: 5/5
  1444 | D:2      | Noticed Natasha
  1445 | D:2      | 1445 ||| Stepping ~*~*~tactically~*~*~ (hiding).
  1446 | D:2      | 1446 ||| Stepping ~*~*~tactically~*~*~ (hiding).
  1447 | D:2      | 1447 ||| Stepping ~*~*~tactically~*~*~ (hiding).
  1448 | D:2      | 1448 ||| Stepping ~*~*~tactically~*~*~ (hiding).
  1456 | D:2      | Killed Natasha
  1482 | D:2      | 1482 ||| Stepping ~*~*~tactically~*~*~ (stealth).
  1629 | D:2      | 1629 ||| UPGRADING to +0 pair of boots of Catatonia
                  | {Int+4}.
  1634 | D:2      | 1634 ||| DRINKING 3 fuming black potions.
  1635 | D:2      | 1635 ||| READING 5 scrolls of identify.
  1635 | D:2      | 1635 ||| IDENTIFYING amethyst potion
  1636 | D:2      | 1636 ||| READING 4 scrolls of identify.
  1636 | D:2      | 1636 ||| IDENTIFYING viscous yellow potion
  1912 | D:3      | 1912 ||| READING scroll of enchant weapon.
  1912 | D:3      | 1912 ||| ENCHANTING +1 war axe of flaming.
  2123 | D:3      | 2123 ||| READING scroll labelled JISYUSTELY.
  2140 | D:3      | 2140 ||| READING 4 scrolls of identify.
  2140 | D:3      | 2140 ||| IDENTIFYING glowing purple potion
  2264 | D:4      | Reached skill level 1 in Dodging
  2330 | D:4      | Reached XP level 6. HP: 37/38 MP: 6/6
  2383 | D:4      | Found a staircase to the Ecumenical Temple.
  2384 | D:4      | 2384 ||| PLANNING TEMPLE
  2384 | D:4      | 2384 ||| UPGRADING to +6 ring of strength.
  2385 | D:4      | 2385 ||| READING scroll labelled DOLAHA GIHAN.
  2394 | Temple   | Entered the Ecumenical Temple
  2413 | Temple   | 2413 ||| PLANNING OKAWARU WORSHIP
  2508 | Temple   | Became a worshipper of Warmaster Okawaru
  2509 | Temple   | 2509 ||| PLANNING D:1-11
  2648 | D:4      | Reached skill level 4 in Fighting
  2799 | D:4      | 2799 ||| UPGRADING to +0 chain mail.
  2809 | D:4      | 2809 ||| READING scroll labelled NENOIT YSKA.
  2823 | D:5      | Entered Level 5 of the Dungeon
  2899 | D:5      | 2899 ||| Stepping ~*~*~tactically~*~*~ (hiding).
  2902 | D:5      | 2902 ||| Stepping ~*~*~tactically~*~*~ (hiding).
  2921 | D:5      | Noticed a black bear
  2927 | D:5      | Killed a black bear
  2927 | D:5      | Reached * piety under Okawaru
  2928 | D:5      | Reached skill level 6 in Axes
  2928 | D:5      | Reached XP level 7. HP: 15/43 MP: 7/7
  3242 | D:5      | Identified the +4 chain mail of the Postmodern Violins
                  | {Str+4}
  3328 | D:5      | Reached skill level 1 in Invocations
  3760 | D:5      | 3760 ||| INVOKING Heroism.
  3841 | D:5      | 3841 ||| DROPPING +2 ring mail of fire resistance.
  3842 | D:5      | 3842 ||| UPGRADING to +4 chain mail of the Postmodern
                  | Violins {Str+4}.
  3852 | D:5      | 3852 ||| DROPPING +0 chain mail.
  3853 | D:5      | 3853 ||| READING 2 scrolls labelled YTSIAL QOXAG.
  3854 | D:5      | 3854 ||| READING scroll labelled ARUOCL RULUHIMIN.
  3855 | D:5      | 3855 ||| READING 6 scrolls of identify.
  3855 | D:5      | 3855 ||| IDENTIFYING clear potion
  3856 | D:5      | 3856 ||| READING 5 scrolls of identify.
  3856 | D:5      | 3856 ||| IDENTIFYING inky potion
  3857 | D:5      | 3857 ||| DROPPING potion of invisibility.
  4032 | D:6      | Identified the +0 trident "Vieferos" {chaos, Str+2}
  4069 | D:6      | 4069 ||| DRINKING 2 potions of curing.
  4069 | D:6      | 4069 ||| (to cure confusion)
  4078 | D:6      | Reached skill level 3 in Invocations
  4108 | D:6      | 4108 ||| Stepping ~*~*~tactically~*~*~ (stealth).
  4134 | D:6      | 4134 ||| Stepping ~*~*~tactically~*~*~ (stealth).
  4137 | D:6      | 4137 ||| Stepping ~*~*~tactically~*~*~ (stealth).
  4138 | D:6      | 4138 ||| INVOKING Heroism.
  4155 | D:6      | Reached XP level 8. HP: 41/48 MP: 8/10
  4358 | D:6      | Found a broken altar of Ashenzari.
  4361 | D:6      | 4361 ||| DROPPING scarf of invisibility.
  4373 | D:6      | Reached skill level 5 in Fighting
  4374 | D:6      | 4374 ||| READING 4 scrolls of identify.
  4374 | D:6      | 4374 ||| IDENTIFYING red potion
  4392 | D:6      | Reached ** piety under Okawaru
  4463 | D:6      | Noticed Maggie
  4475 | D:6      | 4475 ||| INVOKING Heroism.
  4480 | D:6      | HP: 9/49 [Maggie/puff of flame (8)]
  4481 | D:6      | 4481 ||| READING 3 scrolls of teleportation.
  4481 | D:6      | HP: 3/49 [Maggie/puff of flame (6)]
  4482 | D:6      | 4482 ||| DRINKING potion of heal wounds.
  4485 | D:6      | Killed Maggie
  4603 | D:6      | Noticed Menkaure
  4604 | D:6      | 4604 ||| INVOKING Heroism.
  4610 | D:6      | Killed Menkaure
  4671 | D:6      | Reached skill level 6 in Fighting
  4746 | D:6      | Identified the +0 scale mail of Boiling Hail {Str+3 SInv}
  4915 | D:7      | 4915 ||| Stepping ~*~*~tactically~*~*~ (hiding).
  4921 | D:7      | 4921 ||| INVOKING Heroism.
  4923 | D:7      | Reached XP level 9. HP: 32/55 MP: 9/12
  4926 | D:7      | Reached skill level 9 in Axes
  5037 | D:7      | 5037 ||| Stepping ~*~*~tactically~*~*~ (stealth).
  5038 | D:7      | 5038 ||| Stepping ~*~*~tactically~*~*~ (stealth).
  5068 | D:7      | 5068 ||| Stepping ~*~*~tactically~*~*~ (stealth).
  5069 | D:7      | 5069 ||| Stepping ~*~*~tactically~*~*~ (stealth).
  5070 | D:7      | 5070 ||| Stepping ~*~*~tactically~*~*~ (stealth).
  5071 | D:7      | 5071 ||| Stepping ~*~*~tactically~*~*~ (stealth).
  5246 | D:7      | Reached skill level 1 in Throwing
  5473 | D:7      | 5473 ||| Stepping ~*~*~tactically~*~*~ (hiding).
  5474 | D:7      | 5474 ||| Stepping ~*~*~tactically~*~*~ (hiding).
  5479 | D:7      | Reached skill level 7 in Fighting
  5879 | D:7      | Reached *** piety under Okawaru
  5915 | D:7      | 5915 ||| UPGRADING to scarf of resistance.
  5920 | D:7      | 5920 ||| UPGRADING to amulet of reflection.
  5925 | D:7      | 5925 ||| READING scroll labelled ANIJ UTASKA.
  5926 | D:7      | 5926 ||| READING scroll labelled NOPNOA KOPNIA.
  5927 | D:7      | 5927 ||| READING 6 scrolls of identify.
  5927 | D:7      | 5927 ||| IDENTIFYING grey potion
  6000 | D:8      | 6000 ||| INVOKING Heroism.
  6002 | D:8      | Reached XP level 10. HP: 42/64 MP: 10/13
  6055 | D:8      | 6055 ||| INVOKING Heroism.
  6063 | D:8      | Reached skill level 8 in Fighting
  6076 | D:8      | 6076 ||| Stepping ~*~*~tactically~*~*~ (hiding).
  6077 | D:8      | 6077 ||| Stepping ~*~*~tactically~*~*~ (hiding).
  6133 | D:8      | 6133 ||| Stepping ~*~*~tactically~*~*~ (stealth).
  6140 | D:8      | 6140 ||| INVOKING Heroism.
  6224 | D:8      | 6224 ||| Stepping ~*~*~tactically~*~*~ (stealth).
  6225 | D:8      | 6225 ||| Stepping ~*~*~tactically~*~*~ (stealth).
  6237 | D:8      | 6237 ||| Stepping ~*~*~tactically~*~*~ (stealth).
  6246 | D:8      | 6246 ||| Stepping ~*~*~tactically~*~*~ (stealth).
  6250 | D:8      | 6250 ||| INVOKING Heroism.
  6287 | D:8      | 6287 ||| READING scroll of acquirement.
  6287 | D:8      | 6287 ||| ACQUIRING 819 gold pieces
  6287 | D:8      | Acquired 819 gold pieces
  6363 | D:8      | 6363 ||| READING 2 scrolls labelled KIMNAT SUIPTUA.
  6364 | D:8      | 6364 ||| DROPPING scroll of fear.
  6389 | D:9      | 6389 ||| INVOKING Heroism.
  6394 | D:9      | Reached **** piety under Okawaru
  6400 | D:9      | 6400 ||| Stepping ~*~*~tactically~*~*~ (stealth).
  6436 | D:9      | You fall into a shaft and drop 1 floor!
  6436 | D:10     | Entered Level 10 of the Dungeon
  6444 | D:9      | Noticed Pikel
  6452 | D:9      | Killed Pikel
  6545 | D:9      | Noticed a two-headed ogre
  6546 | D:9      | 6546 ||| INVOKING Heroism.
  6551 | D:9      | Killed a two-headed ogre
  6551 | D:9      | Reached ***** piety under Okawaru
  6559 | D:9      | Reached skill level 6 in Invocations
  6565 | D:9      | 6565 ||| INVOKING Heroism.
  6568 | D:9      | Found a staircase to the Orcish Mines.
  6596 | D:9      | 6596 ||| Stepping ~*~*~tactically~*~*~ (stealth).
  6597 | D:9      | 6597 ||| Stepping ~*~*~tactically~*~*~ (stealth).
  6598 | D:9      | 6598 ||| Stepping ~*~*~tactically~*~*~ (stealth).
  6599 | D:9      | 6599 ||| Stepping ~*~*~tactically~*~*~ (stealth).
  6600 | D:9      | 6600 ||| Stepping ~*~*~tactically~*~*~ (stealth).
  6601 | D:9      | 6601 ||| Stepping ~*~*~tactically~*~*~ (stealth).
  6602 | D:9      | 6602 ||| Stepping ~*~*~tactically~*~*~ (stealth).
  6622 | D:9      | 6622 ||| Stepping ~*~*~tactically~*~*~ (stealth).
  6623 | D:9      | 6623 ||| Stepping ~*~*~tactically~*~*~ (stealth).
  6624 | D:9      | 6624 ||| Stepping ~*~*~tactically~*~*~ (stealth).
  6629 | D:9      | 6629 ||| Stepping ~*~*~tactically~*~*~ (stealth).
  6643 | D:9      | 6643 ||| Stepping ~*~*~tactically~*~*~ (stealth).
  6784 | D:9      | 6784 ||| Stepping ~*~*~tactically~*~*~ (stealth).
  6786 | D:9      | 6786 ||| Stepping ~*~*~tactically~*~*~ (hiding).
  6787 | D:9      | 6787 ||| Stepping ~*~*~tactically~*~*~ (hiding).
  6794 | D:9      | 6794 ||| Stepping ~*~*~tactically~*~*~ (hiding).
  6795 | D:9      | 6795 ||| Stepping ~*~*~tactically~*~*~ (hiding).
  7031 | D:9      | Reached XP level 11. HP: 69/69 MP: 16/16
  7031 | D:9      | Noticed Grum
  7032 | D:9      | 7032 ||| INVOKING Heroism.
  7036 | D:9      | 7036 ||| INVOKING Finesse.
  7042 | D:9      | Killed Grum
  7042 | D:9      | Received a gift from Okawaru
  7356 | D:9      | 7356 ||| UPGRADING to +0 helmet.
  7361 | D:9      | 7361 ||| READING scroll of enchant armour.
  7361 | D:9      | 7361 ||| ENCHANTING +0 helmet.
  7362 | D:9      | 7362 ||| UPGRADING to ring of protection from cold.
  7364 | D:9      | 7364 ||| READING scroll labelled SAORACH EFEO.
  7365 | D:9      | 7365 ||| READING 6 scrolls of identify.
  7365 | D:9      | 7365 ||| IDENTIFYING smoky red potion
  7366 | D:9      | 7366 ||| READING 5 scrolls of identify.
  7366 | D:9      | 7366 ||| IDENTIFYING ruby potion
  7367 | D:9      | 7367 ||| DROPPING potion of degeneration.
  7441 | D:10     | 7441 ||| Stepping ~*~*~tactically~*~*~ (hiding).
  7443 | D:10     | Found a staircase to the Lair.
  7459 | D:10     | Reached skill level 6 in Armour
  7463 | D:10     | Reached skill level 9 in Fighting
  7525 | D:10     | 7525 ||| INVOKING Heroism.
  7613 | D:10     | Identified the +6 scale mail of a bazaar {*Corrode +Inv
                  | rElec}
  7670 | D:10     | Found Laoplyum's Antique Weapon Shop.
  7671 | D:10     | 7671 ||| INVOKING Heroism.
  7716 | D:10     | 7716 ||| Stepping ~*~*~tactically~*~*~ (hiding).
  7721 | D:10     | 7721 ||| INVOKING Heroism.
  7754 | D:10     | 7754 ||| Stepping ~*~*~tactically~*~*~ (stealth).
  7756 | D:10     | 7756 ||| Stepping ~*~*~tactically~*~*~ (stealth).
  7758 | D:10     | 7758 ||| Stepping ~*~*~tactically~*~*~ (stealth).
  7760 | D:10     | 7760 ||| Stepping ~*~*~tactically~*~*~ (stealth).
  7990 | D:10     | 7990 ||| INVOKING Heroism.
  8299 | D:10     | Identified the +5 short sword "Afextog" {heavy, Will++
                  | Int+3 Dex-2}
  8513 | D:10     | 8513 ||| PLANNING LAIR
  8513 | D:10     | 8513 ||| READING scroll labelled GYD KAUGGI.
  8540 | Lair:1   | Entered Level 1 of the Lair of Beasts
  8545 | Lair:1   | 8545 ||| INVOKING Heroism.
  8567 | Lair:1   | 8567 ||| Stepping ~*~*~tactically~*~*~ (stealth).
  8578 | Lair:1   | Reached skill level 9 in Invocations
  8580 | Lair:1   | 8580 ||| INVOKING Heroism.
  8642 | Lair:1   | 8642 ||| Stepping ~*~*~tactically~*~*~ (stealth).
  8644 | Lair:1   | 8644 ||| INVOKING Heroism.
  8714 | Lair:1   | Identified the +2 pair of boots "Zimalij" {Str+4} (Okawaru
                  | gifted it to you on level 1 of the Lair of Beasts)
  8714 | Lair:1   | Received a gift from Okawaru
  8806 | Lair:1   | 8806 ||| INVOKING Heroism.
  8889 | Lair:1   | 8889 ||| INVOKING Heroism.
  8949 | Lair:1   | 8949 ||| INVOKING Heroism.
  8954 | Lair:1   | 8954 ||| UPGRADING to +2 pair of boots "Zimalij" {Str+4}.
  8966 | Lair:1   | 8966 ||| DROPPING +0 pair of boots of Catatonia {Int+4}.
  8968 | Lair:1   | 8968 ||| UPGRADING to +4 ring of protection.
  8970 | Lair:1   | 8970 ||| DROPPING ring of positive energy.
  8994 | Lair:1   | 8994 ||| Stepping ~*~*~tactically~*~*~ (water).
  9003 | Lair:1   | Noticed a five-headed hydra
  9004 | Lair:1   | 9004 ||| INVOKING Heroism.
  9014 | Lair:1   | Killed a two-headed hydra
  9015 | Lair:1   | Reached skill level 12 in Axes
  9015 | Lair:1   | Reached XP level 12. HP: 76/76 MP: 17/19
  9039 | Lair:1   | 9039 ||| READING scroll of acquirement.
  9039 | Lair:1   | 9039 ||| ACQUIRING +8 broad axe of the King {drain, rC++
                  | Str+3 Int-5}
  9039 | Lair:1   | Acquired the +8 broad axe of the King {drain, rC++ Str+3
                  | Int-5}
  9041 | Lair:1   | 9041 ||| SWAPPING to +8 broad axe of the King {drain, rC++
                  | Str+3 Int-5}.
  9229 | Lair:1   | 9229 ||| Stepping ~*~*~tactically~*~*~ (hiding).
  9340 | Lair:1   | Identified the +0 robe of the Boiling Point {rElec rF+
                  | Int-3 Dex+3}
  9513 | Lair:1   | 9513 ||| INVOKING Heroism.
  9517 | Lair:1   | Reached skill level 6 in Shields
  9607 | Lair:2   | 9607 ||| STAIRDANCE
  9748 | Lair:2   | 9748 ||| STAIRDANCE
  9891 | Lair:2   | Reached skill level 10 in Fighting
  9913 | Lair:2   | 9913 ||| INVOKING Heroism.
  9944 | Lair:2   | Identified the +4 scale mail "Sippe" {rC- Str+3 Slay+4}
 10131 | Lair:2   | Found a hazy altar of Hepliaklqana.
 10132 | Lair:2   | 10132 ||| INVOKING Heroism.
 10480 | Lair:2   | 10480 ||| READING scroll labelled TAHAM OSTA.
 10481 | Lair:2   | 10481 ||| READING 4 scrolls of identify.
 10481 | Lair:2   | 10481 ||| IDENTIFYING sapphire potion
 10507 | Lair:3   | 10507 ||| STAIRDANCE
 10604 | Lair:3   | 10604 ||| Stepping ~*~*~tactically~*~*~ (hiding).
 10608 | Lair:3   | 10608 ||| Stepping ~*~*~tactically~*~*~ (stealth).
 10609 | Lair:3   | 10609 ||| Stepping ~*~*~tactically~*~*~ (stealth).
 10688 | Lair:3   | Found a staircase to the Shoals.
 10709 | Lair:3   | Noticed a death yak
 10710 | Lair:3   | 10710 ||| INVOKING Heroism.
 10712 | Lair:3   | Noticed a death yak
 10715 | Lair:3   | Noticed a death yak
 10722 | Lair:3   | Killed a death yak
 10726 | Lair:3   | Killed a death yak
 10728 | Lair:3   | Killed a death yak
 10863 | Lair:3   | 10863 ||| INVOKING Heroism.
 11124 | Lair:3   | 11124 ||| INVOKING Heroism.
 11133 | Lair:3   | Reached XP level 13. HP: 82/82 MP: 18/20
 11170 | Lair:3   | 11170 ||| INVOKING Heroism.
 11215 | Lair:3   | Reached skill level 3 in Dodging
 11249 | Lair:3   | Found a hole to the Spider Nest.
 11319 | Lair:3   | 11319 ||| DROPPING +0 chain mail of cold resistance.
 11320 | Lair:3   | 11320 ||| DROPPING amulet of guardian spirit.
 11321 | Lair:3   | 11321 ||| READING scroll labelled KAYN CEMULA.
 11328 | Lair:3   | 11328 ||| Stepping ~*~*~tactically~*~*~ (stealth).
 11329 | Lair:3   | 11329 ||| Stepping ~*~*~tactically~*~*~ (stealth).
 11418 | Lair:4   | 11418 ||| Stepping ~*~*~tactically~*~*~ (stealth).
 11420 | Lair:4   | 11420 ||| INVOKING Heroism.
 11450 | Lair:4   | 11450 ||| INVOKING Heroism.
 11454 | Lair:4   | 11454 ||| SWAPPING to +2 war axe of flaming.
 11460 | Lair:4   | 11460 ||| SWAPPING to +8 broad axe of the King {drain, rC++
                  | Str+3 Int-5}.
 11551 | Lair:4   | 11551 ||| INVOKING Heroism.
 11678 | Lair:4   | Reached skill level 11 in Fighting
 11682 | Lair:4   | You fall into a shaft and drop 1 floor!
 11682 | Lair:5   | Entered Level 5 of the Lair of Beasts
 11723 | Lair:4   | 11723 ||| INVOKING Heroism.
 12145 | Lair:4   | 12145 ||| DROPPING amulet of magic regeneration.
 12184 | Lair:5   | 12184 ||| Stepping ~*~*~tactically~*~*~ (stealth).
 12185 | Lair:5   | 12185 ||| Stepping ~*~*~tactically~*~*~ (stealth).
 12186 | Lair:5   | 12186 ||| INVOKING Heroism.
 12187 | Lair:5   | 12187 ||| Stepping ~*~*~tactically~*~*~ (stealth).
 12222 | Lair:5   | 12222 ||| Stepping ~*~*~tactically~*~*~ (stealth).
 12223 | Lair:5   | 12223 ||| Stepping ~*~*~tactically~*~*~ (stealth).
 12255 | Lair:5   | 12255 ||| INVOKING Heroism.
 12256 | Lair:5   | 12256 ||| SWAPPING to +2 war axe of flaming.
 12262 | Lair:5   | Received a gift from Okawaru
 12263 | Lair:5   | 12263 ||| SWAPPING to +8 broad axe of the King {drain, rC++
                  | Str+3 Int-5}.
 12319 | Lair:5   | 12319 ||| Stepping ~*~*~tactically~*~*~ (stealth).
 12324 | Lair:5   | 12324 ||| Stepping ~*~*~tactically~*~*~ (stealth).
 12399 | Lair:5   | 12399 ||| INVOKING Heroism.
 12445 | Lair:5   | 12445 ||| INVOKING Finesse.
 12447 | Lair:5   | 12447 ||| Stepping ~*~*~tactically~*~*~ (stealth).
 12469 | Lair:5   | 12469 ||| Stepping ~*~*~tactically~*~*~ (stealth).
 12470 | Lair:5   | 12470 ||| INVOKING Heroism.
 12475 | Lair:5   | 12475 ||| Stepping ~*~*~tactically~*~*~ (stealth).
 12484 | Lair:5   | Found a staircase to the Slime Pits.
 12630 | Lair:5   | 12630 ||| Stepping ~*~*~tactically~*~*~ (stealth).
 12639 | Lair:5   | 12639 ||| INVOKING Heroism.
 12893 | Lair:5   | 12893 ||| INVOKING Heroism.
 12903 | Lair:5   | Reached skill level 15 in Axes
 12915 | Lair:5   | 12915 ||| FLEEEEING.
 12917 | Lair:5   | 12917 ||| DRINKING potion of cancellation.
 13196 | Lair:5   | 13196 ||| INVOKING Heroism.
 13230 | Lair:5   | 13230 ||| SWAPPING to +2 war axe of flaming.
 13234 | Lair:5   | 13234 ||| SWAPPING to +8 broad axe of the King {drain, rC++
                  | Str+3 Int-5}.
 13240 | Lair:5   | Reached skill level 12 in Fighting
 13248 | Lair:5   | 13248 ||| INVOKING Heroism.
 13261 | Lair:5   | 13261 ||| Stepping ~*~*~tactically~*~*~ (stealth).
 13298 | Lair:5   | 13298 ||| INVOKING Heroism.
 13321 | Lair:5   | Gained mutation: Your large and strong wings let you fly.
                  | [Gargoyle growth]
 13321 | Lair:5   | Reached XP level 14. HP: 85/92 MP: 21/21
 13353 | Lair:5   | Reached skill level 9 in Armour
 13395 | Lair:5   | Reached skill level 3 in Throwing
 13397 | Lair:5   | Identified the ring of Kiesuaresch {rElec rPois Will+ Str-4
                  | Int+4}
 13461 | Lair:5   | 13461 ||| Stepping ~*~*~tactically~*~*~ (stealth).
 13462 | Lair:5   | 13462 ||| Stepping ~*~*~tactically~*~*~ (stealth).
 13469 | Lair:5   | 13469 ||| FLEEEEING.
 13470 | Lair:5   | 13470 ||| INVOKING Heroism.
 13471 | Lair:5   | 13471 ||| INVOKING Finesse.
 13575 | Lair:5   | 13575 ||| Stepping ~*~*~tactically~*~*~ (hiding).
 13576 | Lair:5   | 13576 ||| FLEEEEING.
 13605 | Lair:5   | 13605 ||| INVOKING Heroism.
 13787 | Lair:5   | Found a corrupted altar of Lugonu.
 13789 | Lair:5   | Found a one-way gate to the infinite horrors of the Abyss.
 13977 | Lair:5   | 13977 ||| PLANNING D:1-11
 13977 | Lair:5   | 13977 ||| DROPPING amulet of the acrobat.
 13978 | Lair:5   | 13978 ||| DROPPING ring of wizardry.
 13979 | Lair:5   | 13979 ||| DROPPING ring of Kiesuaresch {rElec rPois Will+
                  | Str-4 Int+4}.
 13980 | Lair:5   | 13980 ||| READING 4 scrolls of identify.
 13980 | Lair:5   | 13980 ||| IDENTIFYING fuming blue potion
 13981 | Lair:5   | 13981 ||| DROPPING potion of brilliance.
 14169 | D:11     | 14169 ||| FLEEEEING.
 14173 | D:11     | 14173 ||| FLEEEEING.
 14174 | D:11     | 14174 ||| FLEEEEING.
 14175 | D:11     | 14175 ||| FLEEEEING.
 14176 | D:11     | 14176 ||| FLEEEEING.
 14177 | D:11     | 14177 ||| FLEEEEING.
 14179 | D:11     | 14179 ||| FLEEEEING.
 14180 | D:11     | 14180 ||| FLEEEEING.
 14181 | D:11     | 14181 ||| FLEEEEING.
 14183 | D:11     | 14183 ||| Stepping ~*~*~tactically~*~*~ (hiding).
 14439 | D:11     | Found a hazy altar of Hepliaklqana.
 14591 | D:11     | Noticed Urug
 14592 | D:11     | 14592 ||| INVOKING Heroism.
 14593 | D:11     | 14593 ||| INVOKING Finesse.
 14596 | D:11     | Killed Urug
 14648 | D:11     | Found a frozen archway.
 14876 | D:11     | 14876 ||| READING scroll of enchant armour.
 14876 | D:11     | 14876 ||| ENCHANTING +1 helmet.
 15017 | D:11     | 15017 ||| PLANNING D
 15017 | D:11     | 15017 ||| READING 5 scrolls of identify.
 15017 | D:11     | 15017 ||| IDENTIFYING golden potion
 15018 | D:11     | 15018 ||| DROPPING potion of ambrosia.
 15041 | D:12     | Noticed BraveToast's ghost (journeyman FoFi)
 15058 | D:12     | 15058 ||| Stepping ~*~*~tactically~*~*~ (hiding).
 15110 | D:12     | 15110 ||| Stepping ~*~*~tactically~*~*~ (hiding).
 15120 | D:12     | 15120 ||| Stepping ~*~*~tactically~*~*~ (hiding).
 15129 | D:12     | Received a gift from Okawaru
 15304 | D:12     | 15304 ||| Stepping ~*~*~tactically~*~*~ (hiding).
 15316 | D:12     | 15316 ||| Stepping ~*~*~tactically~*~*~ (stealth).
 15321 | D:12     | 15321 ||| INVOKING Heroism.
 15328 | D:12     | 15328 ||| Stepping ~*~*~tactically~*~*~ (stealth).
 15336 | D:12     | 15336 ||| Stepping ~*~*~tactically~*~*~ (hiding).
 15341 | D:12     | 15341 ||| INVOKING Finesse.
 15388 | D:12     | 15388 ||| Stepping ~*~*~tactically~*~*~ (stealth).
 15419 | D:12     | 15419 ||| Stepping ~*~*~tactically~*~*~ (stealth).
 15473 | D:12     | 15473 ||| Stepping ~*~*~tactically~*~*~ (stealth).
 15498 | D:12     | 15498 ||| Stepping ~*~*~tactically~*~*~ (hiding).
 15518 | D:12     | 15518 ||| Stepping ~*~*~tactically~*~*~ (stealth).
 15531 | D:12     | Found a runed translucent gate.
 15531 | D:12     | Found a runed translucent gate.
 15537 | D:12     | Found a runed translucent gate.
 15637 | D:12     | 15637 ||| Stepping ~*~*~tactically~*~*~ (stealth).
 15640 | D:12     | 15640 ||| Stepping ~*~*~tactically~*~*~ (stealth).
 15641 | D:12     | 15641 ||| Stepping ~*~*~tactically~*~*~ (stealth).
 15646 | D:12     | 15646 ||| INVOKING Heroism.
 15650 | D:12     | 15650 ||| READING 4 scrolls of teleportation.
 15718 | D:12     | 15718 ||| Stepping ~*~*~tactically~*~*~ (stealth).
 15719 | D:12     | 15719 ||| Stepping ~*~*~tactically~*~*~ (stealth).
 15726 | D:12     | 15726 ||| FLEEEEING.
 16048 | D:12     | 16048 ||| DROPPING +0 cloak.
 16049 | D:12     | 16049 ||| UPGRADING to +0 pair of gloves.
 16054 | D:12     | 16054 ||| UPGRADING to +2 cloak of poison resistance.
 16064 | D:12     | 16064 ||| UPGRADING to +0 kite shield.
 16074 | D:12     | 16074 ||| DROPPING +0 buckler.
 16075 | D:12     | 16075 ||| READING 4 scrolls of enchant armour.
 16075 | D:12     | 16075 ||| ENCHANTING +0 pair of gloves.
 16076 | D:12     | 16076 ||| READING 3 scrolls of enchant armour.
 16076 | D:12     | 16076 ||| ENCHANTING +1 pair of gloves.
 16126 | D:13     | Received a gift from Okawaru
 16220 | D:13     | 16220 ||| Stepping ~*~*~tactically~*~*~ (hiding).
 16225 | D:13     | 16225 ||| INVOKING Heroism.
 16228 | D:13     | 16228 ||| INVOKING Finesse.
 16232 | D:13     | Reached skill level 9 in Shields
 16232 | D:13     | Reached XP level 15. HP: 81/96 MP: 14/22
 16464 | D:13     | 16464 ||| INVOKING Heroism.
 16640 | D:13     | 16640 ||| READING 4 scrolls of teleportation.
 16641 | D:13     | 16641 ||| INVOKING Heroism.
 16652 | D:13     | 16652 ||| DROPPING ring of willpower.
 16751 | D:13     | 16751 ||| INVOKING Heroism.
 16752 | D:13     | 16752 ||| READING 3 scrolls of teleportation.
 16873 | D:13     | Found Gepu's Weapon Shop.
 16909 | D:13     | 16909 ||| Stepping ~*~*~tactically~*~*~ (stealth).
 16912 | D:13     | 16912 ||| Stepping ~*~*~tactically~*~*~ (stealth).
 16917 | D:13     | 16917 ||| INVOKING Heroism.
 16943 | D:13     | Found a gate to the Vaults.
 16953 | D:13     | 16953 ||| DROPPING amulet of regeneration.
 17313 | D:14     | Received a gift from Okawaru
 17347 | D:14     | Reached skill level 12 in Shields
 17471 | D:14     | 17471 ||| INVOKING Heroism.
 17498 | D:14     | Received a gift from Okawaru
 17597 | D:14     | 17597 ||| INVOKING Heroism.
 17760 | D:14     | 17760 ||| INVOKING Heroism.
 17761 | D:14     | 17761 ||| SWAPPING to +2 war axe of flaming.
 17770 | D:14     | 17770 ||| SWAPPING to +8 broad axe of the King {drain, rC++
                  | Str+3 Int-5}.
 17870 | D:14     | 17870 ||| Stepping ~*~*~tactically~*~*~ (hiding).
 17871 | D:14     | 17871 ||| Stepping ~*~*~tactically~*~*~ (hiding).
 17872 | D:14     | 17872 ||| INVOKING Heroism.
 17873 | D:14     | 17873 ||| SWAPPING to +2 war axe of flaming.
 17878 | D:14     | 17878 ||| SWAPPING to +8 broad axe of the King {drain, rC++
                  | Str+3 Int-5}.
 17880 | D:14     | 17880 ||| Stepping ~*~*~tactically~*~*~ (hiding).
 18000 | D:14     | 18000 ||| Stepping ~*~*~tactically~*~*~ (stealth).
 18295 | D:15     | Entered Level 15 of the Dungeon
 18299 | D:15     | 18299 ||| Stepping ~*~*~tactically~*~*~ (hiding).
 18300 | D:15     | 18300 ||| Stepping ~*~*~tactically~*~*~ (hiding).
 18432 | D:15     | 18432 ||| INVOKING Heroism.
 18433 | D:15     | 18433 ||| INVOKING Finesse.
 18437 | D:15     | 18437 ||| SWAPPING to +2 war axe of flaming.
 18441 | D:15     | 18441 ||| SWAPPING to +8 broad axe of the King {drain, rC++
                  | Str+3 Int-5}.
 18577 | D:15     | 18577 ||| INVOKING Heroism.
 18621 | D:15     | Received a gift from Okawaru
 18677 | D:15     | 18677 ||| Stepping ~*~*~tactically~*~*~ (hiding).
 18678 | D:15     | 18678 ||| Stepping ~*~*~tactically~*~*~ (hiding).
 18694 | D:15     | 18694 ||| INVOKING Heroism.
 18695 | D:15     | 18695 ||| SWAPPING to +2 war axe of flaming.
 18701 | D:15     | 18701 ||| SWAPPING to +8 broad axe of the King {drain, rC++
                  | Str+3 Int-5}.
 18707 | D:15     | 18707 ||| Stepping ~*~*~tactically~*~*~ (hiding).
 18708 | D:15     | 18708 ||| Stepping ~*~*~tactically~*~*~ (hiding).
 18709 | D:15     | 18709 ||| Stepping ~*~*~tactically~*~*~ (hiding).
 18710 | D:15     | 18710 ||| Stepping ~*~*~tactically~*~*~ (hiding).
 18815 | D:15     | 18815 ||| Stepping ~*~*~tactically~*~*~ (stealth).
 18817 | D:15     | 18817 ||| Stepping ~*~*~tactically~*~*~ (hiding).
 18824 | D:15     | 18824 ||| INVOKING Heroism.
 18832 | D:15     | Received a gift from Okawaru
 18833 | D:15     | Reached skill level 13 in Fighting
 18839 | D:15     | Reached XP level 16. HP: 104/104 MP: 23/23
 18852 | D:15     | Found a staircase to the Depths.
 19030 | D:15     | 19030 ||| INVOKING Heroism.
 19031 | D:15     | 19031 ||| INVOKING Finesse.
 19129 | D:15     | 19129 ||| Stepping ~*~*~tactically~*~*~ (hiding).
 19643 | D:15     | 19643 ||| PLANNING ORC
 19825 | Orc:1    | Entered Level 1 of the Orcish Mines
 19834 | Orc:1    | 19834 ||| INVOKING Heroism.
 19837 | Orc:1    | Reached skill level 6 in Throwing
 20021 | Orc:1    | Found Piffolump's Jewellery Boutique.
 20034 | Orc:1    | 20034 ||| BUYING ring of protection from cold (400 gold).
 20034 | Orc:1    | Bought a ring of protection from cold for 400 gold pieces
 20183 | Orc:2    | Entered Level 2 of the Orcish Mines
 20184 | Orc:2    | 20184 ||| Stepping ~*~*~tactically~*~*~ (hiding).
 20189 | Orc:2    | Found Moff's Jewellery Emporium.
 20190 | Orc:2    | 20190 ||| INVOKING Heroism.
 20193 | Orc:2    | Received a gift from Okawaru
 20204 | Orc:2    | Found a staircase to the Elven Halls.
 20207 | Orc:2    | Paralysed by an orc sorcerer for 2 turns
 20210 | Orc:2    | 20210 ||| INVOKING Finesse.
 20329 | Orc:2    | 20329 ||| BUYING amulet of faith (640 gold).
 20329 | Orc:2    | Bought an amulet of faith for 640 gold pieces
 20329 | Orc:2    | 20329 ||| BUYING ring of Viegiuwn {rF- rN++ rCorr Dex+3
                  | SInv} (598 gold).
 20329 | Orc:2    | Bought the ring of Viegiuwn {rF- rN++ rCorr Dex+3 SInv} for
                  | 598 gold pieces
 20329 | Orc:2    | 20329 ||| BUYING ring of fire (400 gold).
 20329 | Orc:2    | Bought a ring of fire for 400 gold pieces
 20329 | Orc:2    | 20329 ||| BUYING ring of resist corrosion (320 gold).
 20329 | Orc:2    | Bought a ring of resist corrosion for 320 gold pieces
 20410 | Orc:2    | 20410 ||| Stepping ~*~*~tactically~*~*~ (stealth).
 20413 | Orc:2    | 20413 ||| Stepping ~*~*~tactically~*~*~ (hiding).
 20435 | Orc:2    | 20435 ||| INVOKING Heroism.
 20436 | Orc:2    | 20436 ||| INVOKING Finesse.
 20441 | Orc:2    | Found Ziysuyd's Antique Armour Shop.
 20510 | Orc:2    | Received a gift from Okawaru
 20517 | Orc:2    | 20517 ||| INVOKING Heroism.
 20541 | Orc:2    | 20541 ||| BUYING glowing plate armour (650 gold).
 20541 | Orc:2    | Bought a glowing plate armour for 650 gold pieces
 20541 | Orc:2    | 20541 ||| SHOPLISTING pair of runed boots (187 gold, have
                  | 137).
 20556 | Orc:2    | 20556 ||| INVOKING Finesse.
 20613 | Orc:2    | Found Nahic's General Store.
 20620 | Orc:2    | 20620 ||| BUYING scroll of enchant armour (90 gold).
 20620 | Orc:2    | Bought a scroll of enchant armour for 90 gold pieces
 20620 | Orc:2    | 20620 ||| SHOPLISTING wand of digging (5) (252 gold, have
                  | 123).
 20711 | Orc:2    | 20711 ||| Stepping ~*~*~tactically~*~*~ (stealth).
 20713 | Orc:2    | 20713 ||| Stepping ~*~*~tactically~*~*~ (stealth).
 20730 | Orc:2    | Found Dikky's Antique Weapon Shoppe.
 20735 | Orc:2    | 20735 ||| INVOKING Heroism.
 20796 | Orc:2    | 20796 ||| INVOKING Heroism.
 20800 | Orc:2    | Paralysed by an orc sorcerer for 5 turns
 20868 | Orc:2    | Found a shimmering blue altar of Sif Muna.
 21011 | Orc:2    | Found Naips's Jewellery Boutique.
 21013 | Orc:2    | 21013 ||| SHOPLISTING ring "Dottat" {Fire Str+4} (404 gold,
                  | have 293).
 21013 | Orc:2    | 21013 ||| BUYING ring of fire (250 gold).
 21013 | Orc:2    | Bought a ring of fire for 250 gold pieces
 21013 | Orc:2    | 21013 ||| SHOPLISTING ring of protection from fire (250
                  | gold, have 43).
 21024 | Orc:2    | 21024 ||| PLANNING SPIDER:1-3
 21024 | Orc:2    | 21024 ||| DROPPING +1 plate armour of poison resistance.
 21025 | Orc:2    | 21025 ||| UPGRADING to amulet of faith.
 21187 | Spider:1 | Entered Level 1 of the Spider Nest
 21261 | Spider:1 | 21261 ||| Stepping ~*~*~tactically~*~*~ (hiding).
 21262 | Spider:1 | 21262 ||| Stepping ~*~*~tactically~*~*~ (hiding).
 21310 | Spider:1 | Reached skill level 18 in Axes
 21494 | Spider:1 | Received a gift from Okawaru
 21585 | Spider:1 | 21585 ||| Stepping ~*~*~tactically~*~*~ (stealth).
 21588 | Spider:1 | 21588 ||| Stepping ~*~*~tactically~*~*~ (stealth).
 21597 | Spider:1 | 21597 ||| Stepping ~*~*~tactically~*~*~ (stealth).
 21813 | Spider:1 | 21813 ||| Stepping ~*~*~tactically~*~*~ (stealth).
 21814 | Spider:1 | 21814 ||| Stepping ~*~*~tactically~*~*~ (stealth).
 21884 | Spider:1 | 21884 ||| Stepping ~*~*~tactically~*~*~ (stealth).
 21894 | Spider:1 | 21894 ||| INVOKING Heroism.
 22024 | Spider:1 | Noticed Mlioglotl
 22025 | Spider:1 | 22025 ||| INVOKING Heroism.
 22026 | Spider:1 | 22026 ||| INVOKING Finesse.
 22042 | Spider:1 | Killed Mlioglotl
 22302 | Spider:1 | 22302 ||| Stepping ~*~*~tactically~*~*~ (stealth).
 22304 | Spider:1 | 22304 ||| Stepping ~*~*~tactically~*~*~ (stealth).
 22652 | Spider:1 | 22652 ||| READING 6 scrolls of identify.
 22652 | Spider:1 | 22652 ||| IDENTIFYING purple potion
 22653 | Spider:1 | 22653 ||| DROPPING potion of berserk rage.
 23047 | Spider:2 | 23047 ||| Stepping ~*~*~tactically~*~*~ (hiding).
 23052 | Spider:2 | Reached skill level 14 in Fighting
 23059 | Spider:2 | Received a gift from Okawaru
 23110 | Spider:2 | 23110 ||| Stepping ~*~*~tactically~*~*~ (stealth).
 23114 | Spider:2 | 23114 ||| Stepping ~*~*~tactically~*~*~ (stealth).
 23141 | Spider:2 | 23141 ||| INVOKING Finesse.
 23152 | Spider:2 | Reached XP level 17. HP: 111/111 MP: 18/24
 24090 | Spider:3 | 24090 ||| Stepping ~*~*~tactically~*~*~ (stealth).
 24108 | Spider:3 | 24108 ||| INVOKING Heroism.
 24116 | Spider:3 | Received a gift from Okawaru
 24541 | Spider:3 | 24541 ||| Stepping ~*~*~tactically~*~*~ (hiding).
 24542 | Spider:3 | 24542 ||| Stepping ~*~*~tactically~*~*~ (hiding).
 24544 | Spider:3 | 24544 ||| INVOKING Heroism.
 24554 | Spider:3 | 24554 ||| FLEEEEING.
 24555 | Spider:3 | 24555 ||| FLEEEEING.
 24561 | Spider:3 | 24561 ||| DRINKING 2 potions of cancellation.
 24580 | Spider:3 | 24580 ||| Stepping ~*~*~tactically~*~*~ (stealth).
 24583 | Spider:3 | 24583 ||| Stepping ~*~*~tactically~*~*~ (stealth).
 24747 | Spider:3 | 24747 ||| PLANNING SHOALS:1-3
 24844 | Shoals:1 | Entered Level 1 of the Shoals
 24944 | Shoals:1 | 24944 ||| INVOKING Heroism.
 24957 | Shoals:1 | Reached skill level 12 in Armour
 25018 | Shoals:1 | 25018 ||| INVOKING Heroism.
 25094 | Shoals:1 | 25094 ||| INVOKING Heroism.
 25121 | Shoals:1 | 25121 ||| INVOKING Finesse.
 25416 | Shoals:1 | Received a gift from Okawaru
 25548 | Shoals:1 | 25548 ||| Stepping ~*~*~tactically~*~*~ (hiding).
 25671 | Shoals:1 | 25671 ||| DROPPING scarf of invisibility.
 25672 | Shoals:1 | 25672 ||| READING 8 scrolls of identify.
 25672 | Shoals:1 | 25672 ||| IDENTIFYING silvery potion
 25786 | Shoals:2 | 25786 ||| Stepping ~*~*~tactically~*~*~ (hiding).
 26019 | Shoals:2 | Identified Roxanne's Catalogue of Erosion
 26019 | Shoals:2 | Noticed Roxanne
 26020 | Shoals:2 | 26020 ||| INVOKING Heroism.
 26035 | Shoals:2 | Killed Roxanne
 26035 | Shoals:2 | Received a gift from Okawaru
 26099 | Shoals:2 | Reached skill level 15 in Fighting
 26403 | Shoals:2 | 26403 ||| Stepping ~*~*~tactically~*~*~ (hiding).
 26404 | Shoals:2 | 26404 ||| Stepping ~*~*~tactically~*~*~ (hiding).
 26405 | Shoals:2 | 26405 ||| Stepping ~*~*~tactically~*~*~ (hiding).
 26406 | Shoals:2 | 26406 ||| Stepping ~*~*~tactically~*~*~ (hiding).
 26407 | Shoals:2 | 26407 ||| Stepping ~*~*~tactically~*~*~ (hiding).
 26411 | Shoals:2 | 26411 ||| INVOKING Heroism.
 26522 | Shoals:2 | 26522 ||| DROPPING +2 cloak.
 26566 | Shoals:3 | 26566 ||| INVOKING Heroism.
 26578 | Shoals:3 | 26578 ||| INVOKING Finesse.
 26799 | Shoals:3 | 26799 ||| Stepping ~*~*~tactically~*~*~ (hiding).
 26890 | Shoals:3 | 26890 ||| Stepping ~*~*~tactically~*~*~ (hiding).
 26930 | Shoals:3 | 26930 ||| INVOKING Heroism.
 27251 | Shoals:3 | Noticed a kraken
 27257 | Shoals:3 | Killed a kraken
 27568 | Shoals:3 | 27568 ||| PLANNING SPIDER:4
 27759 | Spider:4 | Entered Level 4 of the Spider Nest
 27761 | Spider:4 | 27761 ||| Stepping ~*~*~tactically~*~*~ (stealth).
 27781 | Spider:4 | 27781 ||| FLEEEEING.
 27782 | Spider:4 | 27782 ||| STAIRDANCE
 27836 | Spider:4 | 27836 ||| Stepping ~*~*~tactically~*~*~ (stealth).
 27840 | Spider:4 | 27840 ||| INVOKING Heroism.
 27851 | Spider:4 | Received a gift from Okawaru
 27928 | Spider:4 | 27928 ||| INVOKING Finesse.
 27933 | Spider:4 | 27933 ||| INVOKING Heroism.
 27970 | Spider:4 | Received a gift from Okawaru
 28014 | Spider:4 | 28014 ||| Stepping ~*~*~tactically~*~*~ (stealth).
 28027 | Spider:4 | 28027 ||| Stepping ~*~*~tactically~*~*~ (hiding).
 28097 | Spider:4 | 28097 ||| Stepping ~*~*~tactically~*~*~ (stealth).
 28100 | Spider:4 | 28100 ||| Stepping ~*~*~tactically~*~*~ (stealth).
 28101 | Spider:4 | 28101 ||| Stepping ~*~*~tactically~*~*~ (stealth).
 28102 | Spider:4 | 28102 ||| Stepping ~*~*~tactically~*~*~ (stealth).
 28103 | Spider:4 | 28103 ||| INVOKING Finesse.
 28163 | Spider:4 | Reached skill level 15 in Shields
 28184 | Spider:4 | 28184 ||| Stepping ~*~*~tactically~*~*~ (stealth).
 28191 | Spider:4 | 28191 ||| INVOKING Finesse.
 28197 | Spider:4 | 28197 ||| INVOKING Heroism.
 28248 | Spider:4 | 28248 ||| Stepping ~*~*~tactically~*~*~ (stealth).
 28249 | Spider:4 | 28249 ||| Stepping ~*~*~tactically~*~*~ (stealth).
 28251 | Spider:4 | 28251 ||| Stepping ~*~*~tactically~*~*~ (stealth).
 28253 | Spider:4 | 28253 ||| Stepping ~*~*~tactically~*~*~ (stealth).
 28258 | Spider:4 | 28258 ||| INVOKING Heroism.
 28320 | Spider:4 | 28320 ||| Stepping ~*~*~tactically~*~*~ (stealth).
 28325 | Spider:4 | 28325 ||| INVOKING Heroism.
 28326 | Spider:4 | 28326 ||| DRINKING 7 potions of curing.
 28326 | Spider:4 | 28326 ||| (to cure confusion)
 28331 | Spider:4 | Reached XP level 18. HP: 119/119 MP: 22/25
 28331 | Spider:4 | 28331 ||| DROPPING +2 war axe of flaming.
 28355 | Spider:4 | HP: 24/120 [meliai/divine providence (11)]
 28356 | Spider:4 | 28356 ||| READING 8 scrolls of teleportation.
 28356 | Spider:4 | HP: 11/120 [meliai/divine providence (13)]
 28357 | Spider:4 | 28357 ||| DRINKING 5 potions of heal wounds.
 28358 | Spider:4 | 28358 ||| DRINKING 4 potions of heal wounds.
 28359 | Spider:4 | 28359 ||| DRINKING 3 potions of heal wounds.
 28367 | Spider:4 | 28367 ||| Stepping ~*~*~tactically~*~*~ (hiding).
 28368 | Spider:4 | 28368 ||| INVOKING Finesse.
 28376 | Spider:4 | 28376 ||| INVOKING Heroism.
 28377 | Spider:4 | Received a gift from Okawaru
 28383 | Spider:4 | Reached skill level 16 in Fighting
 28417 | Spider:4 | 28417 ||| Stepping ~*~*~tactically~*~*~ (stealth).
 28419 | Spider:4 | 28419 ||| Stepping ~*~*~tactically~*~*~ (stealth).
 28422 | Spider:4 | 28422 ||| Stepping ~*~*~tactically~*~*~ (stealth).
 28423 | Spider:4 | 28423 ||| Stepping ~*~*~tactically~*~*~ (stealth).
 28424 | Spider:4 | 28424 ||| Stepping ~*~*~tactically~*~*~ (stealth).
 28425 | Spider:4 | 28425 ||| Stepping ~*~*~tactically~*~*~ (stealth).
 28426 | Spider:4 | 28426 ||| Stepping ~*~*~tactically~*~*~ (stealth).
 28427 | Spider:4 | 28427 ||| INVOKING Heroism.
 28431 | Spider:4 | 28431 ||| Stepping ~*~*~tactically~*~*~ (stealth).
 28432 | Spider:4 | 28432 ||| Stepping ~*~*~tactically~*~*~ (stealth).
 28472 | Spider:4 | Received a gift from Okawaru
 28492 | Spider:4 | 28492 ||| Stepping ~*~*~tactically~*~*~ (stealth).
 28493 | Spider:4 | 28493 ||| INVOKING Heroism.
 28494 | Spider:4 | 28494 ||| Stepping ~*~*~tactically~*~*~ (stealth).
 28495 | Spider:4 | 28495 ||| Stepping ~*~*~tactically~*~*~ (hiding).
 28676 | Spider:4 | 28676 ||| Stepping ~*~*~tactically~*~*~ (stealth).
 28678 | Spider:4 | 28678 ||| INVOKING Heroism.
 28914 | Spider:4 | 28914 ||| Stepping ~*~*~tactically~*~*~ (stealth).
 28964 | Spider:4 | 28964 ||| Stepping ~*~*~tactically~*~*~ (hiding).
 28993 | Spider:4 | 28993 ||| Stepping ~*~*~tactically~*~*~ (stealth).
 29008 | Spider:4 | 29008 ||| DRINKING 6 potions of curing.
 29008 | Spider:4 | 29008 ||| (to cure confusion)
 29010 | Spider:4 | Received a gift from Okawaru
 29025 | Spider:4 | 29025 ||| Stepping ~*~*~tactically~*~*~ (stealth).
 29026 | Spider:4 | 29026 ||| Stepping ~*~*~tactically~*~*~ (stealth).
 29027 | Spider:4 | 29027 ||| Stepping ~*~*~tactically~*~*~ (stealth).
 29029 | Spider:4 | Received a gift from Okawaru
 29037 | Spider:4 | 29037 ||| INVOKING Heroism.
 29189 | Spider:4 | 29189 ||| Stepping ~*~*~tactically~*~*~ (stealth).
 29195 | Spider:4 | 29195 ||| INVOKING Heroism.
 29199 | Spider:4 | 29199 ||| DRINKING 5 potions of curing.
 29199 | Spider:4 | 29199 ||| (to cure confusion)
 29208 | Spider:4 | Reached skill level 17 in Fighting
 29352 | Spider:4 | Got a gossamer rune of Zot
 29425 | Spider:4 | 29425 ||| FLEEEEING.
 29426 | Spider:4 | 29426 ||| FLEEEEING.
 29427 | Spider:4 | 29427 ||| FLEEEEING.
 29428 | Spider:4 | 29428 ||| FLEEEEING.
 29613 | Spider:4 | 29613 ||| Stepping ~*~*~tactically~*~*~ (stealth).
 29690 | Spider:4 | 29690 ||| PLANNING VAULTS:1-4
 29690 | Spider:4 | 29690 ||| DROPPING scarf of shadows.
 29691 | Spider:4 | 29691 ||| DROPPING scarf of repulsion.
 29692 | Spider:4 | 29692 ||| DROPPING scarf of invisibility.
 29693 | Spider:4 | 29693 ||| DROPPING +6 ring of dexterity.
 29959 | Vaults:1 | Entered Level 1 of the Vaults
 29994 | Vaults:1 | 29994 ||| FLEEEEING.
 29995 | Vaults:1 | 29995 ||| FLEEEEING.
 29999 | Vaults:1 | 29999 ||| FLEEEEING.
 30000 | Vaults:1 | 30000 ||| FLEEEEING.
 30001 | Vaults:1 | 30001 ||| FLEEEEING.
 30026 | Vaults:1 | Received a gift from Okawaru
 30059 | Vaults:1 | 30059 ||| Stepping ~*~*~tactically~*~*~ (hiding).
 30154 | Vaults:1 | 30154 ||| FLEEEEING.
 30155 | Vaults:1 | 30155 ||| FLEEEEING.
 30156 | Vaults:1 | 30156 ||| FLEEEEING.
 30157 | Vaults:1 | 30157 ||| FLEEEEING.
 30158 | Vaults:1 | 30158 ||| FLEEEEING.
 30159 | Vaults:1 | 30159 ||| FLEEEEING.
 30160 | Vaults:1 | 30160 ||| FLEEEEING.
 30172 | Vaults:1 | Received a gift from Okawaru
 30218 | Vaults:1 | 30218 ||| FLEEEEING.
 30268 | Vaults:1 | 30268 ||| Stepping ~*~*~tactically~*~*~ (stealth).
 30269 | Vaults:1 | 30269 ||| Stepping ~*~*~tactically~*~*~ (stealth).
 30289 | Vaults:1 | 30289 ||| Stepping ~*~*~tactically~*~*~ (stealth).
 30290 | Vaults:1 | 30290 ||| Stepping ~*~*~tactically~*~*~ (stealth).
 30427 | Vaults:1 | 30427 ||| Stepping ~*~*~tactically~*~*~ (hiding).
 30508 | Vaults:1 | 30508 ||| Stepping ~*~*~tactically~*~*~ (hiding).
 30527 | Vaults:1 | Received a gift from Okawaru
 30560 | Vaults:1 | 30560 ||| Stepping ~*~*~tactically~*~*~ (hiding).
 30775 | Vaults:1 | 30775 ||| INVOKING Finesse.
 30914 | Vaults:1 | 30914 ||| Stepping ~*~*~tactically~*~*~ (hiding).
 30920 | Vaults:1 | 30920 ||| Stepping ~*~*~tactically~*~*~ (hiding).
 30929 | Vaults:1 | Identified the +1 trident of Doleash Peba {freeze, rPois}
                  | (Okawaru gifted it to you on level 1 of the Vaults)
 30929 | Vaults:1 | Received a gift from Okawaru
 30939 | Vaults:1 | Found Humyg's Assorted Antiques.
 30947 | Vaults:1 | 30947 ||| SHOPLISTING acid dragon scales (1520 gold, have
                  | 761).
 30947 | Vaults:1 | 30947 ||| BUYING heavily runed chain mail (361 gold).
 30947 | Vaults:1 | Bought a heavily runed chain mail for 361 gold pieces
 30947 | Vaults:1 | Identified the +0 chain mail "Gatabb" {rElec rPois rC+}
                  | (You bought it in a shop on level 1 of the Vaults)
 30947 | Vaults:1 | 30947 ||| BUYING potion of enlightenment (190 gold).
 30947 | Vaults:1 | Bought a potion of enlightenment for 190 gold pieces
 30947 | Vaults:1 | 30947 ||| SHOPLISTING scroll of enchant weapon (285 gold,
                  | have 210).
 30947 | Vaults:1 | 30947 ||| BUYING scroll of teleportation (114 gold).
 30947 | Vaults:1 | Bought a scroll of teleportation for 114 gold pieces
 31127 | Vaults:1 | 31127 ||| INVOKING Heroism.
 31130 | Vaults:1 | 31130 ||| INVOKING Finesse.
 31394 | Vaults:1 | 31394 ||| Stepping ~*~*~tactically~*~*~ (stealth).
 31396 | Vaults:1 | 31396 ||| Stepping ~*~*~tactically~*~*~ (stealth).
 31403 | Vaults:1 | 31403 ||| INVOKING Heroism.
 31805 | Vaults:1 | 31805 ||| Stepping ~*~*~tactically~*~*~ (hiding).
 31813 | Vaults:1 | Reached XP level 19. HP: 128/128 MP: 26/26
 31934 | Vaults:1 | 31934 ||| Stepping ~*~*~tactically~*~*~ (hiding).
 31946 | Vaults:1 | Received a gift from Okawaru
 32028 | Vaults:1 | Found Orierep's Armour Shoppe.
 32036 | Vaults:1 | 32036 ||| SHOPLISTING +2 helmet of see invisible (430 gold,
                  | have 184).
 32036 | Vaults:1 | 32036 ||| SHOPLISTING +2 kite shield of protection (430
                  | gold, have 184).
 32096 | Vaults:1 | 32096 ||| INVOKING Heroism.
 32123 | Vaults:1 | 32123 ||| DROPPING +0 chain mail "Gatabb" {rElec rPois
                  | rC+}.
 32308 | Vaults:2 | Reached skill level 18 in Fighting
 32618 | Vaults:2 | 32618 ||| FLEEEEING.
 32620 | Vaults:2 | 32620 ||| FLEEEEING.
 32621 | Vaults:2 | 32621 ||| FLEEEEING.
 32622 | Vaults:2 | 32622 ||| FLEEEEING.
 32623 | Vaults:2 | 32623 ||| FLEEEEING.
 32624 | Vaults:2 | 32624 ||| FLEEEEING.
 32625 | Vaults:2 | 32625 ||| FLEEEEING.
 32626 | Vaults:2 | 32626 ||| FLEEEEING.
 32627 | Vaults:2 | 32627 ||| FLEEEEING.
 32628 | Vaults:2 | 32628 ||| FLEEEEING.
 32629 | Vaults:2 | 32629 ||| FLEEEEING.
 32630 | Vaults:2 | 32630 ||| FLEEEEING.
 32631 | Vaults:2 | 32631 ||| FLEEEEING.
 32632 | Vaults:2 | 32632 ||| FLEEEEING.
 32633 | Vaults:2 | 32633 ||| FLEEEEING.
 32634 | Vaults:2 | 32634 ||| FLEEEEING.
 32635 | Vaults:2 | 32635 ||| FLEEEEING.
 32640 | Vaults:2 | 32640 ||| FLEEEEING.
 32641 | Vaults:2 | 32641 ||| FLEEEEING.
 32642 | Vaults:2 | 32642 ||| FLEEEEING.
 32647 | Vaults:2 | 32647 ||| INVOKING Heroism.
 32648 | Vaults:2 | 32648 ||| INVOKING Finesse.
 32826 | Vaults:2 | 32826 ||| Stepping ~*~*~tactically~*~*~ (stealth).
 32829 | Vaults:2 | 32829 ||| INVOKING Heroism.
 32830 | Vaults:2 | 32830 ||| INVOKING Finesse.
 32839 | Vaults:2 | Received a gift from Okawaru
 32942 | Vaults:2 | 32942 ||| FLEEEEING.
 32943 | Vaults:2 | 32943 ||| FLEEEEING.
 32991 | Vaults:2 | 32991 ||| Stepping ~*~*~tactically~*~*~ (stealth).
 33130 | Vaults:2 | Found a staircase to the Crypt.
 33247 | Vaults:2 | Reached skill level 15 in Armour
 33648 | Vaults:2 | 33648 ||| Stepping ~*~*~tactically~*~*~ (hiding).
 33660 | Vaults:2 | 33660 ||| INVOKING Heroism.
 33663 | Vaults:2 | Identified the +6 hand axe "Sisedd" {elec, rPois rF- rN+
                  | SInv} (Okawaru gifted it to you on level 2 of the Vaults)
 33663 | Vaults:2 | Received a gift from Okawaru
 33921 | Vaults:2 | 33921 ||| FLEEEEING.
 33922 | Vaults:2 | 33922 ||| FLEEEEING.
 33923 | Vaults:2 | 33923 ||| FLEEEEING.
 33924 | Vaults:2 | 33924 ||| FLEEEEING.
 33925 | Vaults:2 | 33925 ||| FLEEEEING.
 33926 | Vaults:2 | 33926 ||| FLEEEEING.
 33931 | Vaults:2 | 33931 ||| FLEEEEING.
 33932 | Vaults:2 | 33932 ||| FLEEEEING.
 33933 | Vaults:2 | 33933 ||| FLEEEEING.
 33934 | Vaults:2 | 33934 ||| FLEEEEING.
 33935 | Vaults:2 | 33935 ||| FLEEEEING.
 33936 | Vaults:2 | 33936 ||| FLEEEEING.
 33937 | Vaults:2 | 33937 ||| FLEEEEING.
 33938 | Vaults:2 | 33938 ||| FLEEEEING.
 33939 | Vaults:2 | 33939 ||| FLEEEEING.
 33940 | Vaults:2 | 33940 ||| FLEEEEING.
 33941 | Vaults:2 | 33941 ||| FLEEEEING.
 33942 | Vaults:2 | 33942 ||| FLEEEEING.
 33944 | Vaults:2 | 33944 ||| FLEEEEING.
 33945 | Vaults:2 | 33945 ||| INVOKING Heroism.
 33947 | Vaults:2 | 33947 ||| FLEEEEING.
 33949 | Vaults:2 | 33949 ||| FLEEEEING.
 33951 | Vaults:2 | 33951 ||| FLEEEEING.
 33953 | Vaults:2 | 33953 ||| FLEEEEING.
 33953 | Vaults:2 | HP: 31/130 [yaktaur captain/bolt (19)]
 33954 | Vaults:2 | 33954 ||| READING 10 scrolls of teleportation.
 33955 | Vaults:2 | 33955 ||| DRINKING 3 potions of heal wounds.
 34338 | Vaults:2 | Found Hour's Assorted Antiques.
 34346 | Vaults:2 | 34346 ||| BUYING scroll of teleportation (123 gold).
 34346 | Vaults:2 | Bought a scroll of teleportation for 123 gold pieces
 34346 | Vaults:2 | 34346 ||| SHOPLISTING vibrating sapphire amulet (205 gold,
                  | have 195).
 34393 | Vaults:3 | 34393 ||| PLANNING WIZLAB
 34412 | Vaults:3 | 34412 ||| FLEEEEING.
 34413 | Vaults:3 | 34413 ||| FLEEEEING.
 34414 | Vaults:3 | 34414 ||| FLEEEEING.
 34415 | Vaults:3 | 34415 ||| FLEEEEING.
 34420 | Vaults:3 | 34420 ||| FLEEEEING.
 34421 | Vaults:3 | 34421 ||| FLEEEEING.
 34422 | Vaults:3 | 34422 ||| FLEEEEING.
 34424 | Vaults:3 | 34424 ||| FLEEEEING.
 34425 | Vaults:3 | 34425 ||| FLEEEEING.
 34426 | Vaults:3 | 34426 ||| STAIRDANCE
 34456 | Vaults:2 | 34456 ||| FLEEEEING.
 34469 | Vaults:2 | 34469 ||| Stepping ~*~*~tactically~*~*~ (hiding).
 34471 | Vaults:2 | 34471 ||| Stepping ~*~*~tactically~*~*~ (hiding).
 34515 | Vaults:3 | Reached skill level 6 in Dodging
 34517 | Vaults:3 | 34517 ||| INVOKING Finesse.
 34537 | Vaults:3 | 34537 ||| Stepping ~*~*~tactically~*~*~ (hiding).
 34538 | Vaults:3 | 34538 ||| Stepping ~*~*~tactically~*~*~ (hiding).
 34546 | Vaults:3 | 34546 ||| Stepping ~*~*~tactically~*~*~ (hiding).
 34556 | Vaults:3 | 34556 ||| INVOKING Heroism.
 34569 | Vaults:3 | Reached skill level 9 in Throwing
 34585 | Vaults:3 | Received a gift from Okawaru
 34637 | Vaults:3 | 34637 ||| FLEEEEING.
 34638 | Vaults:3 | 34638 ||| FLEEEEING.
 34646 | Vaults:3 | 34646 ||| STAIRDANCE
 35032 | Vaults:3 | 35032 ||| Stepping ~*~*~tactically~*~*~ (hiding).
 35036 | Vaults:3 | 35036 ||| Stepping ~*~*~tactically~*~*~ (hiding).
 35044 | Vaults:3 | 35044 ||| Stepping ~*~*~tactically~*~*~ (hiding).
 35134 | Vaults:3 | 35134 ||| Stepping ~*~*~tactically~*~*~ (hiding).
 35198 | Vaults:3 | 35198 ||| RIP WIZLAB
 35204 | Vaults:3 | 35204 ||| PLANNING VAULTS:1-4
 35392 | Vaults:3 | 35392 ||| Stepping ~*~*~tactically~*~*~ (hiding).
 35394 | Vaults:3 | 35394 ||| Stepping ~*~*~tactically~*~*~ (hiding).
 35395 | Vaults:3 | 35395 ||| Stepping ~*~*~tactically~*~*~ (hiding).
 35396 | Vaults:3 | 35396 ||| Stepping ~*~*~tactically~*~*~ (hiding).
 35397 | Vaults:3 | 35397 ||| Stepping ~*~*~tactically~*~*~ (hiding).
 35400 | Vaults:3 | 35400 ||| DRINKING 10 potions of curing.
 35400 | Vaults:3 | 35400 ||| (to cure confusion)
 35505 | Vaults:3 | 35505 ||| Stepping ~*~*~tactically~*~*~ (stealth).
 35547 | Vaults:3 | 35547 ||| FLEEEEING.
 35548 | Vaults:3 | 35548 ||| FLEEEEING.
 35549 | Vaults:3 | 35549 ||| FLEEEEING.
 35550 | Vaults:3 | 35550 ||| FLEEEEING.
 35551 | Vaults:3 | 35551 ||| FLEEEEING.
 35552 | Vaults:3 | 35552 ||| FLEEEEING.
 35553 | Vaults:3 | 35553 ||| FLEEEEING.
 35554 | Vaults:3 | 35554 ||| FLEEEEING.
 35555 | Vaults:3 | 35555 ||| FLEEEEING.
 35560 | Vaults:3 | 35560 ||| FLEEEEING.
 35561 | Vaults:3 | 35561 ||| FLEEEEING.
 35562 | Vaults:3 | 35562 ||| FLEEEEING.
 35563 | Vaults:3 | 35563 ||| FLEEEEING.
 35564 | Vaults:3 | 35564 ||| FLEEEEING.
 35565 | Vaults:3 | 35565 ||| FLEEEEING.
 35566 | Vaults:3 | 35566 ||| FLEEEEING.
 35567 | Vaults:3 | 35567 ||| FLEEEEING.
 35568 | Vaults:3 | 35568 ||| FLEEEEING.
 35569 | Vaults:3 | 35569 ||| FLEEEEING.
 35570 | Vaults:3 | 35570 ||| FLEEEEING.
 35571 | Vaults:3 | 35571 ||| FLEEEEING.
 35572 | Vaults:3 | 35572 ||| FLEEEEING.
 35573 | Vaults:3 | 35573 ||| FLEEEEING.
 35574 | Vaults:3 | 35574 ||| FLEEEEING.
 35575 | Vaults:3 | 35575 ||| FLEEEEING.
 35576 | Vaults:3 | 35576 ||| FLEEEEING.
 35577 | Vaults:3 | 35577 ||| FLEEEEING.
 35578 | Vaults:3 | 35578 ||| FLEEEEING.
 35579 | Vaults:3 | 35579 ||| FLEEEEING.
 35580 | Vaults:3 | 35580 ||| FLEEEEING.
 35581 | Vaults:3 | 35581 ||| FLEEEEING.
 35582 | Vaults:3 | 35582 ||| FLEEEEING.
 35583 | Vaults:3 | 35583 ||| FLEEEEING.
 35584 | Vaults:3 | 35584 ||| FLEEEEING.
 35585 | Vaults:3 | 35585 ||| FLEEEEING.
 35586 | Vaults:3 | 35586 ||| FLEEEEING.
 35587 | Vaults:3 | 35587 ||| FLEEEEING.
 35588 | Vaults:3 | 35588 ||| FLEEEEING.
 35589 | Vaults:3 | 35589 ||| FLEEEEING.
 35590 | Vaults:3 | 35590 ||| FLEEEEING.
 35591 | Vaults:3 | 35591 ||| FLEEEEING.
 35597 | Vaults:3 | 35597 ||| INVOKING Heroism.
 35604 | Vaults:3 | HP: 31/132 [deep troll[an ironbound preserver] (18)]
 35605 | Vaults:3 | 35605 ||| READING 10 scrolls of teleportation.
 35606 | Vaults:3 | 35606 ||| DRINKING 4 potions of heal wounds.
 35610 | Vaults:3 | Reached skill level 19 in Fighting
 35839 | Vaults:3 | 35839 ||| Stepping ~*~*~tactically~*~*~ (stealth).
 35840 | Vaults:3 | 35840 ||| Stepping ~*~*~tactically~*~*~ (stealth).
 35848 | Vaults:3 | 35848 ||| Stepping ~*~*~tactically~*~*~ (hiding).
 35932 | Vaults:3 | Found Himyess's Antique Armour Shop.
 35935 | Vaults:3 | 35935 ||| BUYING pair of runed boots (315 gold).
 35935 | Vaults:3 | Bought a pair of runed boots for 315 gold pieces
 35938 | Vaults:3 | 35938 ||| Stepping ~*~*~tactically~*~*~ (hiding).
 35942 | Vaults:3 | 35942 ||| INVOKING Heroism.
 35942 | Abyss:2  | Cast into level 2 of the Abyss (a deep elf sorcerer)
 35970 | Abyss:2  | 35970 ||| Stepping ~*~*~tactically~*~*~ (stealth).
 35977 | Abyss:2  | 35977 ||| Stepping ~*~*~tactically~*~*~ (stealth).
 35978 | Abyss:2  | 35978 ||| Stepping ~*~*~tactically~*~*~ (stealth).
 36050 | Abyss:2  | Found a corrupted altar of Lugonu.
 36051 | Abyss:2  | 36051 ||| Stepping ~*~*~tactically~*~*~ (stealth).
 36054 | Abyss:2  | 36054 ||| Stepping ~*~*~tactically~*~*~ (stealth).
 36055 | Abyss:2  | 36055 ||| Stepping ~*~*~tactically~*~*~ (stealth).
 36081 | Abyss:2  | 36081 ||| Stepping ~*~*~tactically~*~*~ (hiding).
 36125 | Abyss:2  | Noticed a dread lich
 36126 | Abyss:2  | 36126 ||| INVOKING Heroism.
 36127 | Abyss:2  | 36127 ||| INVOKING Finesse.
 36138 | Abyss:2  | Paralysed by something for 3 turns
 36153 | Abyss:2  | Noticed an Ice Fiend
 36153 | Abyss:2  | 36153 ||| DRINKING 2 potions of resistance.
 36159 | Abyss:2  | Killed a dread lich
 36159 | Abyss:2  | Received a gift from Okawaru
 36160 | Abyss:2  | Reached XP level 20. HP: 100/139 MP: 23/27
 36170 | Abyss:2  | 36170 ||| Stepping ~*~*~tactically~*~*~ (stealth).
 36171 | Abyss:2  | 36171 ||| Stepping ~*~*~tactically~*~*~ (stealth).
 36193 | Abyss:2  | 36193 ||| Stepping ~*~*~tactically~*~*~ (stealth).
 36197 | Abyss:2  | 36197 ||| Stepping ~*~*~tactically~*~*~ (stealth).
 36214 | Abyss:2  | 36214 ||| INVOKING Heroism.
 36224 | Abyss:2  | HP: 34/139 [daeva/+2 scimitar of holy wrath (6)]
 36225 | Abyss:2  | 36225 ||| READING 9 scrolls of teleportation.
 36228 | Abyss:2  | 36228 ||| DRINKING 3 potions of heal wounds.
 36228 | Abyss:2  | HP: 11/139 [daeva/+2 scimitar of holy wrath (19)]
 36229 | Abyss:2  | 36229 ||| DRINKING 2 potions of heal wounds.
 36231 | Abyss:2  | 36231 ||| DRINKING potion of heal wounds.
 36233 | Abyss:2  | HP: 24/139 [daeva/+2 scimitar of holy wrath (2)]
 36235 | Abyss:2  | Killed from afar by a daeva

Levels and vault maps discovered:
D:1:      amcnicky_arrival_choice, layout_rooms,
          hellmonk_ecumenical_altar_pennies_from_heaven
D:2:      layout_loops_corners, kennysheep_decorative_pillar, uniq_jessica,
          uniq_natasha
D:3:      layout_basic, minmay_misc_feat_enclosed, kennysheep_small_spiral
D:4:      layout_basic, minmay_temple_entry_butterflies
D:5:      layout_basic
D:6:      layout_loops_ring, amcnicky_altar_gilded, minmay_misc_feat_ornament,
          uniq_maggie, uniq_menkaure
D:7:      layout_layer_cave
D:8:      layout_basic, serial_ice, serial_ice_n, serial_ice_b, serial_ice_e,
          serial_ice_a
D:9:      layout_basic, minmay_orc_entry_temple_small, uniq_grum, uniq_pikel
D:10:     layout_basic, minmay_lair_entry_grove, serial_shops,
          nicolae_lakefront_shop, hangedman_glass_teeth
D:11:     layout_stronghold, portal_ice_cave_entry_pillars_1,
          nzn_hepliaklqana_mist_gate, uniq_urug
D:12:     minmay_the_grid_net [minmay_the_grid_tiny_cups,
          minmay_the_grid_outer_circle, minmay_the_grid_minigrid_large,
          minmay_the_grid_embedded, minmay_the_grid_large_cup,
          minmay_the_grid_prize_big_room], layout_loops_ring,
          maelrawn_ghost_gauntlet_escape
D:13:     layout_irregular_city, david_vaults_1, serial_shops, shop,
          minmay_misc_feat_four_crosses, lemuel_flamethrower_3
D:14:     layout_basic
D:15:     gammafunk_enter_depths_forms, layout_irregular_city,
          wad_woods_river_04, serial_demonic, serial_demonic_e,
          serial_demonic_e, serial_demonic_c, serial_demonic_c,
          serial_demonic_e, serial_demonic_d, st_stairs_13
Temple:   compressed_dpeg_circular_temple
Lair:1:   cheibrodos_lair_river_kwai, layout_cellular_growth,
          infiniplex_staircase_pool, grunt_megastairs_5
Lair:2:   layout_hall_layers, lemuel_oklob_altar
Lair:3:   layout_gridlike, minmay_shoals_entry_centaurs,
          spider_nest_entry_rubble, serial_rivers,
          chequers_serial_rivers_room_b, chequers_serial_rivers_micro_a,
          chequers_serial_rivers_small_a, chequers_serial_rivers_micro_c
Lair:4:   layout_concentric_octagons, hangedman_lair_unloving_vines
Lair:5:   hellmonk_lair_end_abyssal_woods, layout_concentric_octagons,
          minmay_slime_entry_oklob_open, chequers_serial_rivers_large_b,
          pdpol_lair_cavern_descent, grunt_megastairs_2
Shoals:1: layout_shoals
Shoals:2: layout_shoals, uniq_roxanne
Shoals:3: layout_shoals
Spider:1: layout_chambers, uniq_mlioglotl
Spider:2: layout_chambers, drop_trap
Spider:3: layout_cave_pods, nicolae_spider_paper_wasps,
          nicolae_spider_cling_halls
Spider:4: grunt_spider_rune_circles, drop_trap, nicolae_spider_eight_legs
Orc:1:    layout_caves, serial_shops, shop
Orc:2:    grunt_orc_gardens, layout_diamond_mine, grunt_orc_garden,
          grunt_orc_garden, grunt_orc_garden, grunt_orc_garden, serial_shops,
          nicolae_shop_gaudy_bauble, lemuel_statue_altar, led_sif_book
Vaults:1: nicolae_vaults_spaceships, v_misc_30, nicolae_vaults_more_shelving_1,
          nicolae_vaults_closet_pinwheel_6, ontoclasm_vaults_gateway, v_misc_13,
          hangedman_vaults_slither, nicolae_vaults_security_offices_4,
          nicolae_vaults_little_squares_6, nicolae_vaults_variable_pillar_hall,
          layout_vaults_big_cross, serial_shops, shop, nicolae_shop_trees
Vaults:2: nicolae_vaults_little_squares_4, v_misc_2,
          nicolae_vaults_sightless_eye, vaults_mumra_minichess,
          nicolae_vaults_alarming, ontoclasm_vaults_ligature, v_alt_pattern_5,
          nicolae_vaults_mini_display_case, ontoclasm_vaults_ring_large,
          nicolae_vaults_little_squares_3, nicolae_vaults_trapezoid_layered,
          nicolae_vaults_trapezoid_lopsided_3, layout_vaults_chaotic_city,
          serial_shops, shop
Vaults:3: infiniplex_enter_wizlab_spiral, nicolae_vaults_tetromino_T_1,
          nicolae_vaults_big_ls, nicolae_vaults_closet_pinwheel_1,
          grunt_vaults_trifunnel, nicolae_vaults_stepped_doors,
          vaults_standard_mumra_x, v_pattern_2, hangedman_vaults_impose,
          nicolae_vaults_murder_corner, layout_vaults_quadrants, serial_shops,
          nicolae_shop_just_a_little_nook, shop, nicolae_shop_behind_doors
Abyss:2:  base:
Spider:1

Skill      XL: |  1  2  3  4  5  6  7  8  9 10 11 12 13 14 15 16 17 18 19 |
---------------+----------------------------------------------------------+-----
Axes           | 2 3 4 5 6 7 8 10 12 14 15 16 17 18 | 18.0
Dodging        | 1 2 3 4 5 6 |  6.0
Fighting       | 4 6 7 8 9 10 12 13 14 15 17 19 | 19.0
Invocations    | 3 4 6 10 | 10.0
Shields        | 4 5 6 7 9 13 15 16 | 16.8
Armour         | 4 5 6 7 8 9 10 11 13 14 15 | 15.7
Throwing       | 1 2 5 6 7 8 9 |  9.0

Action                     |  1- 3 |  4- 6 |  7- 9 | 10-12 | 13-15 | 16-18 | 19-21 || total
---------------------------+-------+-------+-------+-------+-------+-------+-------++-------
  Melee: War axe           |    83 |    88 |   177 |   273 |    34 |       |       ||   655
         Broad axe         |       |       |       |   106 |   669 |  1067 |   335 ||  2177
  Throw: Boomerang         |     3 |    44 |    23 |   125 |    10 |   200 |       ||   405
         Javelin           |       |       |       |    10 |    79 |   141 |    77 ||   307
 Invoke: Heroism           |       |       |     6 |    24 |    32 |    31 |    10 ||   103
         Finesse           |       |       |       |     1 |     6 |    14 |     4 ||    25
    Use: Scroll            |     5 |     7 |     9 |    10 |     9 |     3 |     3 ||    46
         Potion            |       |     1 |     2 |       |     1 |     7 |     7 ||    18
 Armour: Scale mail        |    20 |       |       |       |       |       |       ||    20
         Ring mail         |    16 |    22 |       |       |       |       |       ||    38
         Chain mail        |       |    17 |    91 |   191 |   324 |   574 |   171 ||  1368
  Dodge: Dodged            |    46 |    41 |    62 |   152 |   167 |   330 |    84 ||   882
  Block: Buckler           |    15 |    21 |    30 |   167 |   143 |       |       ||   376
         Reflection        |       |       |       |     2 |    17 |    11 |       ||    30
         Kite shield       |       |       |       |       |   201 |   571 |   178 ||   950

Table legend:
 A = Non-vault XP
 B = Vault XP
 C = Vault XP percentage of total XP
 D = Non-vault monster count
 E = Vault monster count
 F = Vault count percentage of total count
                 A         B        C        D         E       F
            +---------+---------+-------+---------+---------+-------
      Total |  269984 |  136211 |  33.5 |     830 |     299 |  26.5
            +---------+---------+-------+---------+---------+-------
        D:1 |      18 |       0 |   0.0 |      11 |       0 |   0.0
        D:2 |     111 |      72 |  39.3 |      23 |       2 |   8.0
        D:3 |      15 |       0 |   0.0 |       9 |       0 |   0.0
        D:4 |     160 |       0 |   0.0 |      14 |       0 |   0.0
        D:5 |     489 |       0 |   0.0 |      14 |       0 |   0.0
        D:6 |     908 |     574 |  38.7 |      20 |       2 |   9.1
        D:7 |    1486 |       0 |   0.0 |      28 |       0 |   0.0
        D:8 |    1698 |     508 |  23.0 |      18 |       4 |  18.2
        D:9 |    2441 |    1464 |  37.5 |      29 |      16 |  35.6
       D:10 |    1420 |    2381 |  62.6 |      22 |      13 |  37.1
       D:11 |    1053 |     788 |  42.8 |       5 |       1 |  16.7
       D:12 |    5838 |   10825 |  65.0 |      15 |      30 |  66.7
       D:13 |   11657 |    1758 |  13.1 |      31 |       3 |   8.8
       D:14 |   21737 |       0 |   0.0 |      45 |       0 |   0.0
       D:15 |   11330 |    9585 |  45.8 |      21 |      19 |  47.5
     Lair:1 |    4305 |    2090 |  32.7 |      18 |       7 |  28.0
     Lair:2 |    4461 |     505 |  10.2 |      20 |       1 |   4.8
     Lair:3 |    7726 |     433 |   5.3 |      29 |       3 |   9.4
     Lair:4 |    4067 |       0 |   0.0 |      11 |       0 |   0.0
     Lair:5 |    9515 |   17596 |  64.9 |      22 |      53 |  70.7
   Shoals:1 |    9931 |       0 |   0.0 |      18 |       0 |   0.0
   Shoals:2 |    4594 |    1323 |  22.4 |       9 |       1 |  10.0
   Shoals:3 |   14661 |       0 |   0.0 |      29 |       0 |   0.0
   Spider:1 |   16857 |    1704 |   9.2 |      55 |       1 |   1.8
   Spider:2 |    7041 |       0 |   0.0 |      15 |       0 |   0.0
   Spider:3 |    7166 |    1272 |  15.1 |      18 |       2 |  10.0
   Spider:4 |   26861 |   27147 |  50.3 |      75 |      48 |  39.0
      Orc:1 |    3953 |       0 |   0.0 |      45 |       0 |   0.0
      Orc:2 |    4785 |    9679 |  66.9 |      44 |      29 |  39.7
   Vaults:1 |   30643 |   15450 |  33.5 |      42 |      22 |  34.4
   Vaults:2 |    8100 |   15213 |  65.3 |      12 |      22 |  64.7
   Vaults:3 |   31522 |   15844 |  33.5 |      46 |      20 |  30.3
    Abyss:2 |   13435 |       0 |   0.0 |      17 |       0 |   0.0
            +---------+---------+-------+---------+---------+-------
